Map: Lightshade LE

Players

DPGDark (Dark) - Winner!

  • Race: Zerg Zerg
  • League: Master
  • Spawn Location: 5:00

Maru

  • Race: Terran Terran
  • League: Master
  • Spawn Location: 11:00

Event: TSL 6

VOD

Have the link to the VOD?

Description

Time

  • Played on: Dec. 20, 2020, 2:53 p.m.
  • Length: 14:49

All games in this series

Show
View Real Time Build Order
Export as new Build Order

DPGDark Zerg - Winner!

Build Orders: Hatch First, Lurkers 

Get SALT Encoding   

  12  0:00  Drone  
  13  0:11  Overlord  
  13  0:18  Drone  
  14  0:30  Drone x2  
  16  0:46  Hatchery  
  15  0:50  Drone  
  15  0:53  Drone  
  17  1:00  Drone  
  18  1:07  Extractor  
  17  1:14  Spawning Pool  
  17  1:15  Drone  
  17  1:18  Drone  
  18  1:27  Drone  
  19  1:38  Drone  
  20  1:48  Drone  
  21  2:00  Queen x2  
  25  2:01  Zergling x4  
  27  2:10  Zergling x2  
  27  2:11  Overlord  
  28  2:21  Hatchery  
  27  2:23  Drone  
  28  2:30  Drone  
  28  2:34  Drone  
  28  2:36  Drone  
  31  2:41  Queen  
  33  2:45  Drone  
  33  2:47  Metabolic Boost  
  34  2:51  Overlord  
  34  2:54  Drone  
  34  2:56  Drone  
  36  3:03  Overlord  
  36  3:10  Drone x3  
  36  3:11  Drone  
  40  3:16  Queen  
  42  3:20  Drone x2  
  42  3:25  Overlord  
  44  3:30  Spine Crawler  
  44  3:32  Overlord  
  43  3:38  Queen  
  45  3:43  Queen  
  47  3:50  Zergling x8  
  47  3:51  Zergling x2  
  47  3:53  Zergling x2  
  53  3:59  Queen  
  55  4:05  Drone x4  
  55  4:07  Drone  
  60  4:11  Drone  
  60  4:16  Drone x4  
  65  4:23  Drone  
  66  4:25  Overlord  
  66  4:29  Evolution Chamber  
  66  4:30  Evolution Chamber  
  64  4:35  Overlord, Drone  
  64  4:36  Drone  
  66  4:41  Overlord  
  66  4:44  Overlord x2  
  66  4:45  Extractor, Drone x2  
  67  4:48  Drone x2  
  67  4:49  Drone  
  67  4:50  Drone  
  67  4:51  Drone  
  72  4:57  Zerg Melee Weapons Level 1  
  72  5:00  Spore Crawler  
  72  5:01  Spore Crawler, Drone x2  
  72  5:04  Spore Crawler, Drone  
  73  5:07  Drone x2  
  73  5:08  Drone  
  73  5:13  Drone x3  
  78  5:14  Drone  
  78  5:16  Drone  
  78  5:21  Drone  
  81  5:22  Drone  
  81  5:24  Drone  
  83  5:29  Drone x6  
  83  5:32  Zerg Ground Armor Level 1  
  88  5:36  Extractor, Drone x4  
  88  5:37  Extractor  
  90  5:45  Hatchery  
  90  5:47  Lair  
  89  5:58  Zergling x14  
  89  5:59  Zergling x6  
  89  6:00  Extractor  
  89  6:03  Baneling Nest  
  97  6:05  Zergling x2  
  97  6:10  Hatchery  
  97  6:13  Zergling x12  
  103  6:24  Zergling x4, Overlord  
  105  6:38  Zergling x2  
  105  6:39  Overlord  
  106  6:41  Overlord x2  
  106  6:44  Zergling x12  
  106  6:45  Zergling x4  
  114  6:54  Hatchery  
  109  7:01  Drone  
  109  7:02  Hatchery, Drone x4  
  109  7:03  Baneling x4  
  109  7:06  Zergling x4  
  115  7:09  Zerg Melee Weapons Level 2  
  115  7:11  Drone  
  115  7:12  Hydralisk Den  
  116  7:19  Zergling x16  
  121  7:24  Zergling x12  
  121  7:29  Baneling x3  
  127  7:36  Overlord x2  
  123  7:44  Zergling x22  
  102  7:47  Baneling Nest  
  102  7:49  Overseer  
  101  7:53  Grooved Spines, Hydralisk x7  
  101  7:55  Hydralisk  
  116  8:01  Hydralisk  
  116  8:02  Hatchery  
  116  8:03  Hydralisk  
  119  8:09  Hydralisk x3  
  119  8:12  Hydralisk  
  127  8:17  Zerg Ground Armor Level 2  
  127  8:24  Overlord  
  127  8:32  Overlord  
  127  8:35  Overlord  
  127  8:39  Centrifical Hooks  
  127  8:42  Baneling x2  
  127  8:43  Hydralisk, Baneling x2  
  127  8:44  Hydralisk x2  
  133  8:52  Drone x8  
  133  8:55  Drone x2, Overseer  
  143  8:57  Overseer  
  143  8:59  Zergling x12  
  149  9:04  Muscular Augments  
  149  9:06  Zergling x4  
  149  9:15  Zergling x14  
  155  9:20  Overlord  
  155  9:21  Overlord  
  155  9:23  Baneling x4  
  155  9:24  Baneling x3  
  155  9:25  Baneling x2  
  155  9:30  Overlord, Spore Crawler  
  154  9:32  Drone  
  153  9:42  Zergling x8  
  153  9:43  Zergling x24  
  160  9:48  Zergling x10  
  160  9:50  Baneling x2  
  160  9:52  Pneumatized Carapace  
  160  9:58  Zergling x14  
  167  10:06  Hatchery  
  166  10:07  Zerg Missile Weapons Level 1  
  166  10:10  Zergling x8  
  166  10:13  Zergling x6  
  173  10:18  Zergling x8  
  173  10:19  Infestation Pit  
  176  10:25  Overlord  
  176  10:27  Drone x3  
  176  10:28  Drone  
  162  10:45  Zergling x38  
  176  10:57  Zergling x18  
  176  10:58  Zergling x4  
  176  11:02  Hive  
  176  11:03  Lurker Den  
  186  11:04  Overlord  
  173  11:24  Zergling x14  
  173  11:25  Zergling x32  
  196  11:27  Baneling x12  
  196  11:28  Baneling  
  196  11:38  Drone x2  
  198  11:42  Baneling x3  
  198  11:43  Baneling x3  
  198  11:44  Drone x2  
  200  11:49  Baneling  
  200  11:50  Baneling x2  
  200  11:53  Baneling x6  
  180  12:05  Zergling x2  
  180  12:06  Zergling x44  
  172  12:09  Zergling x2  
  172  12:13  Zergling x12  
  173  12:15  Zergling x8  
  175  12:23  Viper x2  
  175  12:27  Adrenal Glands  
  181  12:31  Zergling x10  
  181  12:32  Zergling x2  
  181  12:34  Spore Crawler  
  181  12:36  Drone  
  187  12:38  Adaptive Talons  
  187  12:42  Lurker x3  
  187  12:43  Lurker  
  191  12:45  Zergling x8  
  195  12:58  Zergling x10  
  199  12:59  Baneling x5  
  199  13:00  Baneling  
  199  13:09  Overseer x3  
  199  13:30  Zergling x2  
  199  13:34  Baneling x7  
  175  13:53  Zergling x22  
  175  13:54  Zergling x10  
  170  13:59  Zergling x6  
  170  14:02  Zergling x52  
  178  14:04  Overlord  
  178  14:05  Zergling x2, Overlord  
  178  14:06  Zergling x10  
  178  14:07  Zergling x4  
  178  14:08  Baneling x16  
  180  14:10  Overlord  
  180  14:13  Overlord  
  180  14:14  Zergling x2  
  180  14:15  Zergling x10  
  184  14:25  Zergling x20  
Show
View Real Time Build Order
Export as new Build Order

Maru Terran 

Build Orders:  

Get SALT Encoding   

  12  0:00  SCV  
  13  0:12  SCV  
  14  0:17  Supply Depot  
  14  0:24  SCV  
  15  0:38  SCV  
  15  0:39  Barracks  
  15  0:42  Refinery  
  16  0:50  SCV  
  17  1:02  SCV  
  18  1:15  SCV  
  19  1:27  Orbital Command  
  19  1:28  Marine  
  20  1:39  Command Center  
  20  1:49  Factory  
  20  1:53  SCV  
  21  2:02  Barracks Reactor  
  21  2:05  SCV  
  22  2:10  Supply Depot  
  22  2:17  SCV  
  23  2:31  SCV  
  23  2:33  Hellion  
  26  2:39  Starport, Marine x2  
  26  2:43  SCV  
  29  2:50  Orbital Command  
  29  2:54  Hellion  
  29  2:56  Marine x2  
  29  2:57  SCV  
  34  3:10  SCV  
  35  3:14  Marine x2  
  35  3:15  Medivac  
  35  3:17  SCV  
  40  3:21  Supply Depot  
  40  3:22  SCV  
  41  3:28  Factory Tech Lab  
  41  3:29  SCV  
  42  3:34  SCV  
  42  3:37  Command Center  
  43  3:42  SCV  
  43  3:46  Supply Depot, SCV  
  45  3:54  SCV  
  46  3:58  SCV  
  46  3:59  Marine  
  46  4:01  Stimpack  
  48  4:03  Refinery  
  48  4:04  Supply Depot, Refinery  
  48  4:06  SCV  
  49  4:11  SCV  
  50  4:18  SCV  
  50  4:23  Barracks, SCV  
  52  4:26  Barracks  
  52  4:31  SCV  
  53  4:32  Engineering Bay, Factory Reactor  
  53  4:33  Engineering Bay  
  53  4:35  SCV  
  54  4:39  Marine  
  54  4:43  SCV  
  54  4:44  Starport Reactor  
  56  4:47  SCV  
  56  4:49  Orbital Command  
  57  4:55  SCV  
  57  4:57  Marine  
  57  4:58  Terran Infantry Weapons Level 1  
  57  4:59  Terran Infantry Armor Level 1  
  59  5:06  SCV  
  60  5:08  Refinery  
  60  5:12  Marine x2  
  62  5:15  Orbital Command  
  62  5:16  SCV  
  62  5:18  Factory Reactor  
  62  5:21  Marine  
  63  5:22  Supply Depot  
  63  5:24  Marine x2  
  63  5:25  SCV  
  67  5:29  SCV  
  67  5:31  Marine x2  
  67  5:32  Medivac x2  
  74  5:36  Supply Depot  
  74  5:37  Supply Depot, SCV  
  74  5:39  Marine  
  74  5:40  Combat Shield  
  74  5:41  SCV  
  74  5:42  SCV  
  79  5:50  SCV  
  79  5:53  SCV  
  79  5:54  SCV  
  79  5:55  Marine x3  
  79  5:56  Supply Depot  
  79  5:57  Marine  
  84  6:02  Widow Mine x2, SCV  
  90  6:05  SCV  
  90  6:07  Armory  
  90  6:10  Supply Depot  
  90  6:11  Marine  
  92  6:12  SCV  
  92  6:13  Marine  
  92  6:16  SCV  
  92  6:17  SCV  
  96  6:19  Medivac  
  96  6:20  Medivac  
  96  6:24  SCV  
  96  6:25  Widow Mine x2  
  105  6:26  Marine  
  105  6:28  SCV  
  105  6:30  SCV  
  108  6:37  SCV  
  108  6:41  SCV  
  108  6:42  SCV  
  108  6:46  Barracks  
  110  6:47  Barracks  
  110  6:48  Supply Depot x2, Widow Mine x2  
  110  6:50  SCV  
  110  6:53  SCV  
  116  6:54  SCV  
  115  7:03  SCV  
  115  7:05  Terran Infantry Weapons Level 2, SCV  
  115  7:06  Terran Infantry Armor Level 2  
  115  7:07  SCV, Marine x2  
  115  7:08  Factory, Marine  
  121  7:12  Refinery  
  121  7:13  Supply Depot  
  122  7:22  Marine x2  
  104  7:25  Marine x2  
  104  7:27  SCV x2  
  108  7:32  Orbital Command  
  108  7:38  Marine  
  108  7:39  SCV  
  108  7:40  SCV  
  108  7:43  Marine x4  
  102  7:49  Widow Mine x2  
  99  7:52  SCV x2  
  99  7:56  Marine  
  100  8:01  Barracks Reactor x2, Marine  
  100  8:02  Factory Tech Lab  
  100  8:03  SCV  
  100  8:04  SCV x2  
  98  8:10  Marine  
  98  8:11  Widow Mine, Marine x2  
  103  8:14  Medivac x2, Marine  
  103  8:16  SCV  
  103  8:17  SCV x2  
  111  8:21  Drilling Claws, Widow Mine  
  111  8:23  Widow Mine  
  115  8:28  SCV  
  115  8:29  SCV x2  
  115  8:30  Supply Depot  
  115  8:33  Marine x4  
  115  8:34  Marauder  
  124  8:41  SCV  
  125  8:44  Siege Tank  
  125  8:46  Supply Depot  
  125  8:48  Widow Mine  
  130  8:51  Command Center, Marine x2  
  130  8:52  Widow Mine  
  134  8:56  SCV x2  
  134  8:58  Supply Depot, Refinery  
  134  8:59  Marine x4  
  140  9:06  SCV  
  140  9:08  SCV  
  140  9:11  Supply Depot  
  140  9:16  Siege Tank  
  141  9:19  Marauder, Marine x3  
  141  9:20  Widow Mine x2  
  148  9:30  Terran Infantry Weapons Level 3  
  148  9:33  SCV  
  148  9:35  Supply Depot  
  149  9:41  Terran Infantry Armor Level 3  
  137  9:46  Marine  
  137  9:47  SCV  
  137  9:48  Siege Tank, Marine  
  137  9:49  Widow Mine  
  143  9:54  Medivac x2  
  143  9:58  SCV x2  
  143  9:59  SCV  
  150  10:01  Refinery  
  150  10:04  Factory, Marauder, Marine  
  153  10:12  Marine x2  
  153  10:13  Marine x4  
  159  10:16  SCV x2  
  159  10:20  Siege Tank  
  164  10:22  Supply Depot  
  164  10:25  Marauder  
  164  10:27  Marine x2  
  157  10:30  Marine x2  
  159  10:39  Marine x2  
  145  10:43  Marine  
  145  10:46  Widow Mine  
  145  10:47  Marauder  
  142  10:52  Siege Tank  
  142  10:56  Widow Mine  
  143  11:01  Marine x2  
  143  11:03  Factory Tech Lab  
  143  11:06  Barracks  
  143  11:08  Barracks, Marauder  
  143  11:09  Barracks  
  144  11:13  Marine x2  
  141  11:18  SCV x2  
  141  11:24  Siege Tank  
  140  11:26  Widow Mine, Siege Tank  
  140  11:27  Widow Mine  
  140  11:30  Marauder  
  148  11:32  SCV  
  148  11:33  SCV  
  148  11:38  Planetary Fortress  
  149  11:46  Marine  
  150  11:47  Marine x7  
  150  11:51  Marauder  
  159  11:54  Terran Vehicle Weapons Level 1  
  159  11:56  Siege Tank  
  156  12:04  Marine x4  
  156  12:05  Marine  
  156  12:06  Marine x2  
  156  12:07  Marine  
  101  12:12  Marauder  
  93  12:16  SCV  
  93  12:22  Marine  
  94  12:26  Supply Depot  
  94  12:27  Supply Depot, Marine  
  94  12:28  Marine x9  
  104  12:33  Medivac x2  
  104  12:34  Marauder  
  110  12:40  Marine  
  111  12:45  Marine  
  111  12:46  Marine x3  
  111  12:48  Siege Tank  
  111  12:50  Supply Depot x2  
  118  12:55  Marauder  
  118  12:57  Widow Mine x3  
  118  12:58  Marine x3  
  123  13:01  Marine  
  126  13:07  Supply Depot  
  126  13:08  Marine x4  
  126  13:09  Marine  
  126  13:10  Marine x2  
  133  13:14  Supply Depot  
  133  13:15  Supply Depot  
  133  13:16  Marauder, Marine x2  
  137  13:20  Siege Tank  
  137  13:21  Siege Tank  
  143  13:28  Marine  
  143  13:29  Marine x3  
  147  13:38  Marauder  
  147  13:39  Marine x2  
  147  13:40  Orbital Command  
  144  13:49  Marine  
  111  13:58  Marine x2  
  111  13:59  Marauder  
  107  14:08  Marine  
  107  14:09  Marine x2  
  106  14:10  Marine x4  
  106  14:13  Marine  
  110  14:24  Marine  
  110  14:25  Marine x3  
Tags
 
Composition
Lurkers
Event
TSL 6
Matchup
TvZ
Player
DarkMaru
Spawn Locations
Cross Positions
Add a new tag
Caveats
  • Supply blocks, unpowered buildings, or Contaminate may cause inaccurate times.
  • Supply counts are checked every 10 seconds.